 Dungeon Crawl Stone Soup version 0.30-a0-385-gfebfb9b408 (webtiles) character file.

Game seed: 9777810139769823563

41 themarg the Conjurer (level 3, -1/26 HPs)
             Began as a Draconian Conjurer on Dec 2, 2022.
             Slain by Grinder (4 damage)
             ... on level 3 of the Dungeon.
             The game lasted 00:03:12 (2317 turns).

themarg the Conjurer (Draconian Conjurer)           Turns: 2317, Time: 00:03:12

Health: -1/26      AC:  5    Str:  9    XL:     3   Next: 32%
Magic:  1/6        EV: 12    Int: 20    God:
Gold:   98         SH:  0    Dex:  9    Spells: 4/7 levels left

rFire   . . .      SeeInvis .    e - +0 dagger
rCold   . . .      Faith    .    (no shield)
rNeg    . . .      Spirit   .    (body armour unavailable)
rPois   .          Reflect  .    (helmet restricted)
rElec   .          Harm     .    (no cloak)
rCorr   .          Rampage  .    (no gloves)
Will    .....                    (no boots)
Stlth   ++........               (no amulet)
HPRegen 0.24/turn                (no ring)
MPRegen 0.10/turn                (no ring)

@: mighty
A: AC +5, unfitting armour, cold-blooded
a: no special abilities


You were on level 3 of the Dungeon.
You visited 1 branch of the dungeon, and saw 3 of its levels.

You collected 98 gold pieces.

Inventory:

Hand Weapons
 e - a +0 dagger (weapon)
Missiles
 d - a throwing net
 g - 16 stones
 k - 5 curare-tipped darts
 p - 6 poisoned darts
Scrolls
 b - 4 scrolls of identify {unknown}
 c - a scroll of fog {unknown}
 h - a scroll of poison {unknown}
 i - 2 scrolls of acquirement {unknown}
 m - a scroll of brand weapon {unknown}
 r - a scroll of fear {unknown}
Potions
 a - a potion of magic
 f - a potion of attraction {unknown}
 j - a potion of flight {unknown}
 l - a potion of haste {unknown}
 n - a potion of ambrosia {unknown}
 o - a potion of might
 q - a potion of berserk rage {unknown}


   Skills:
 - Level 1.7 Dodging
 + Level 2.5 Stealth
 + Level 2.5 Spellcasting
 + Level 4.4 Conjurations


You had 4 spell levels left.
You knew the following spells:

 Your Spells              Type           Power      Damage    Failure   Level
a - Magic Dart            Conj           80%        1d7       2%          1
b - Searing Ray           Conj           40%        2d5       3%          2

Your spell library contained the following spells:

 Spells                   Type           Power      Damage    Failure   Level
 Dazzling Flash           Conj/Hex       22%        N/A       19%         3
 Fulminant Prism          Conj/Hex       5%         3d6       52%         4
 Iskenderun's Mystic Bla  Conj/Tloc      11%        2d4       52%         4


Dungeon Overview and Level Annotations

Branches:
Dungeon (3/15)

Altars:

Annotations:
D:3 Grinder


Innate Abilities, Weirdness & Mutations

Your plain brown scales are hard. (AC +5)
You cannot fit into any form of body armour.
You are cold-blooded and may be slowed by cold attacks.


Message History

Done exploring.
Done exploring.
There is a stone staircase leading down here.
Okay, then.
You climb downwards.
Found 11 gold pieces.
There is a stone staircase leading up here.
You now have 98 gold pieces (gained 11).
Found a stone staircase leading down.
Found a robe.
Grinder and a scorpion come into view.
Grinder shouts!
Casting: Magic Dart (safe; 2% risk of failure)
Confirm with . or Enter, or press ? or * to list all spells.
Aiming: Searing Ray (safe; 3% risk of failure)
Press: ? - help, Shift-Dir - straight line, f - Grinder
Aim: Grinder (75% to hit)
The searing ray hits Grinder.
Grinder is lightly wounded. (Press . to maintain the ray.) Grinder gestures at you.
You resist with significant effort.
The searing ray hits Grinder!
Grinder is moderately wounded.
The searing ray misses Grinder.
The searing ray hits the scorpion.
The scorpion is lightly wounded.
Grinder hits you!
You writhe in agony.
The searing ray hits Grinder.
Grinder is heavily wounded.
The searing ray hits the scorpion.
The scorpion is moderately wounded.
You finish channelling your searing ray.
Grinder hits you.
You writhe in agony.
* * * LOW HITPOINT WARNING * * *
It was a potion of might.
You feel very mighty all of a sudden. Grinder hits you.
* * * LOW HITPOINT WARNING * * *
You writhe in agony.
You die...

####### #...<.#
#.###.#
##.###.#####..
#.............
#..###.#####..
#..###.#######.
#..............
#@#####.......#
#5# #.......# #s#
#.......#
#........#.......#
#..#.##s.#.......#
#..#.# .#....>..#
#. #.. ####.####
#. ##[ # .


You could see Grinder and a scorpion.

Vanquished Creatures
  4 ball pythons
  4 bats
  5 endoplasms
  A giant cockroach (D:1)
  3 goblins (D:1)
  4 hobgoblins
  2 jackals (D:1)
  2 kobolds (D:1)
  4 quokkas
  2 frilled lizards (D:1)
  4 rats (D:1)
35 creatures vanquished.

Notes
Turn   | Place    | Note
-------+----------+-------------------------------------------
     0 | D:1      | themarg the Draconian Conjurer began the quest for the Orb.
     0 | D:1      | Reached XP level 1. HP: 14/14 MP: 3/3
   336 | D:1      | Reached XP level 2. HP: 20/20 MP: 3/5
   594 | D:1      | Learned a level 2 spell: Searing Ray
  1011 | D:1      | Reached XP level 3. HP: 26/26 MP: 3/6
  2310 | D:3      | Noticed Grinder
  2310 | D:3      | Noticed a scorpion
  2317 | D:3      | Slain by Grinder

Illustrated notes

Levels and vault maps discovered:
D:1:      matt_arrival_spirals, layout_loops_ring
D:2:      layout_basic
D:3:      layout_loops_cross, dreamdust_wishing_well, nicolae_hexahallways,
          uniq_grinder

Skill      XL: |  1 |
---------------+----+-----
Stealth        | 2 |  2.5
Dodging        | |  1.7
Spellcasting   | |  2.5
Conjurations   | |  4.4

Action                   || total
-------------------------++-------
Melee: Unarmed           ||     2
 Cast: Magic Dart        ||    66
       Searing Ray       ||     1
  Use: Potion            ||     1
Dodge: Dodged            ||     6

Table legend: (Time is in decaauts)
 A = Elapsed time spent in this place.
 B = Non-inter-level travel time spent in this place.
 C = Inter-level travel time spent in this place.
 D = Time resting spent in this place.
 E = Time spent auto-exploring this place.
 F = Levels seen in this place.
 G = Mean time per level.
                   A        B        C        D        E       F      G
               +--------+--------+--------+--------+--------+-----+--------+
         Total |   2316 |   2248 |     68 |     66 |   2015 |   3 |  772.0 |
       Dungeon |   2316 |   2248 |     68 |     66 |   2015 |   3 |  772.0 |
               +--------+--------+--------+--------+--------+-----+--------+

Top non-repeatable levels by time:
     D:1: 1226 daAuts
     D:2: 1064 daAuts
     D:3: 24 daAuts
